Map: Pylon LE

Players

SirSchim

  • Race: Terran Terran
  • League: Diamond
  • Spawn Location: 5:00

ManlyManMeat - Winner!

  • Race: Zerg Zerg
  • League: Diamond
  • Spawn Location: 11:00

VOD

Have the link to the VOD?

Description

Time

  • Played on: July 12, 2025, 8:20 a.m.
  • Length: 14:21
Show
View Real Time Build Order
Export as new Build Order

SirSchim Terran 

Build Orders: 2 Factory, Reaper Expand 

Get SALT Encoding   

  12  0:00  SCV  
  13  0:12  SCV  
  14  0:17  Supply Depot  
  14  0:24  SCV  
  15  0:38  SCV  
  15  0:40  Barracks  
  16  0:43  Refinery  
  16  0:51  SCV  
  17  1:03  SCV  
  18  1:15  SCV  
  19  1:27  Orbital Command  
  19  1:28  Reaper  
  20  1:41  Command Center  
  20  1:50  Refinery  
  20  1:55  SCV  
  21  2:03  Supply Depot, Barracks Reactor  
  21  2:07  SCV  
  22  2:20  Factory  
  22  2:39  Factory  
  22  2:40  Marine x2  
  22  2:41  SCV  
  25  2:53  Orbital Command, SCV  
  25  2:58  Marine x2  
  27  3:05  Factory Tech Lab  
  28  3:08  SCV  
  29  3:16  Marine x2  
  31  3:20  SCV  
  31  3:21  Supply Depot, SCV  
  31  3:26  Siege Tank  
  36  3:42  Hellion  
  36  3:43  Hellion  
  36  3:44  Barracks Tech Lab  
  40  3:51  Supply Depot  
  40  3:59  Siege Tank  
  43  4:04  Hellion x2  
  43  4:05  Armory  
  43  4:09  SCV x2  
  49  4:16  Stimpack  
  49  4:21  Supply Depot, SCV x2  
  51  4:27  Marine  
  52  4:32  Siege Tank  
  52  4:33  SCV  
  56  4:45  Marine  
  57  5:11  SCV x2  
  59  5:16  Supply Depot  
  59  5:17  Infernal Pre-Igniter  
  59  5:21  Hellion x2, Marine, Siege Tank  
  66  5:23  SCV  
  66  5:24  SCV  
  66  5:25  Engineering Bay  
  69  5:35  SCV  
  69  5:38  SCV  
  69  5:39  Supply Depot, Marine  
  72  5:48  SCV  
  73  5:50  SCV  
  73  5:55  Siege Tank  
  77  5:57  Marine  
  77  6:01  Hellion x2, SCV  
  77  6:02  SCV  
  84  6:05  Barracks, Combat Shield  
  77  6:11  Command Center  
  77  6:15  Marine  
  78  6:23  Hellion x2  
  72  6:28  Siege Tank  
  62  6:44  Hellion x2, Barracks  
  62  6:46  Supply Depot, Barracks  
  66  6:57  SCV x2  
  66  7:00  Siege Tank  
  71  7:04  Refinery  
  71  7:05  Hellion x2, Barracks Reactor  
  75  7:08  Starport  
  75  7:09  SCV x2  
  77  7:21  SCV x2  
  79  7:25  Refinery  
  79  7:26  Orbital Command  
  79  7:27  Hellion  
  79  7:28  Supply Depot  
  81  7:33  Barracks Reactor, Engineering Bay, SCV  
  81  7:34  Barracks Reactor, SCV  
  81  7:36  Concussive Shells  
  83  7:38  Marine  
  83  7:43  Hellion  
  83  7:44  Hellion  
  88  7:46  SCV x2  
  88  7:51  Supply Depot  
  90  7:56  SCV  
  90  7:58  SCV x2  
  93  8:01  Marine  
  93  8:02  Marine  
  95  8:08  SCV  
  95  8:10  SCV x2  
  98  8:14  Siege Tank  
  98  8:15  Hellion x2, Marine x5  
  98  8:19  Marine x2  
  110  8:20  SCV  
  110  8:22  SCV x2  
  115  8:32  SCV  
  115  8:34  Marine x4, SCV x2  
  114  8:36  Hellion x2  
  118  8:45  Marine x3  
  118  8:46  Siege Tank  
  107  8:51  Marine x2  
  107  8:54  Marine x2  
  104  8:56  Starport Reactor  
  104  8:57  Hellion x2  
  104  9:00  SCV x2  
  109  9:03  Marauder, Refinery, Marine  
  109  9:05  Supply Depot  
  112  9:10  Marine x3  
  112  9:12  Marine x2  
  117  9:18  Siege Tank  
  117  9:21  Command Center  
  117  9:22  Marine  
  121  9:25  Marauder  
  121  9:27  Terran Infantry Armor Level 1, Marine, Terran Infantry Weapons Level 1  
  121  9:28  Marine x2  
  121  9:29  Supply Depot, SCV x2  
  128  9:34  SCV  
  128  9:35  Refinery, Marine x2  
  128  9:38  Medivac  
  133  9:50  Marauder, Marine x3, SCV x3, Medivac  
  117  10:12  Marauder, Medivac  
  108  10:20  Marine x3, Medivac  
  108  10:21  Marine x2  
  111  10:23  Marine, Siege Tank  
  110  10:33  Marauder  
  112  10:38  Marine  
  112  10:41  Marine x4  
  117  10:44  Hellion  
  117  10:45  Hellion  
  121  10:53  Command Center  
  121  10:54  Supply Depot  
  121  10:55  Marauder, Siege Tank  
  121  10:56  Marine  
  127  10:58  Marine  
  127  10:59  Marine x2  
  130  11:05  Medivac x2  
  130  11:07  Marine  
  129  11:14  Marine  
  129  11:16  Marauder, Marine  
  127  11:22  Marine  
  127  11:23  Marine  
  127  11:25  Marine  
  119  11:31  Marine  
  114  11:33  SCV x2  
  114  11:34  Marine  
  114  11:35  Medivac  
  114  11:37  Marauder  
  115  11:40  Marine x2  
  115  11:44  Barracks  
  115  11:45  Barracks Reactor  
  114  11:49  Marine, Factory Tech Lab  
  114  11:52  Marine  
  112  11:55  Factory  
  112  11:58  Marine x2  
  112  11:59  Marauder  
  116  12:04  SCV  
  116  12:07  Marine  
  118  12:09  Supply Depot  
  118  12:12  Supply Depot  
  118  12:17  Supply Depot  
  118  12:20  Marauder  
  118  12:22  Marine x3  
  121  12:23  Marine x2  
  121  12:25  Marine, Medivac  
  121  12:26  Medivac  
  121  12:27  Siege Tank  
  133  12:40  Marine x4  
  133  12:41  Marauder, Marine  
  133  12:43  Marine  
  103  12:58  Marine x5  
  104  13:03  Marauder  
  103  13:07  Marine  
  96  13:16  Marine x5  
  98  13:21  Supply Depot  
  98  13:23  SCV x2  
  98  13:24  Marauder  
  98  13:25  Marine  
  103  13:32  Planetary Fortress  
  103  13:33  Marine  
  103  13:34  Marine x3  
  105  13:35  SCV x2  
  104  13:41  Marine  
  104  13:42  Marine  
  104  13:44  Supply Depot  
  104  13:46  Marauder  
  92  13:51  Marine  
  92  13:52  Marine  
  81  13:56  Factory Tech Lab  
  81  13:59  Marine x2  
Show
View Real Time Build Order
Export as new Build Order

ManlyManMeat Zerg - Winner!

Build Orders: Hatch First 

Get SALT Encoding   

  12  0:00  Drone  
  13  0:07  Drone  
  14  0:14  Drone, Extractor  
  15  0:22  Overlord  
  15  0:41  Drone  
  16  0:49  Hatchery  
  15  0:51  Drone  
  15  0:54  Drone  
  17  0:57  Drone  
  18  1:08  Extractor  
  17  1:13  Spawning Pool  
  17  1:17  Drone  
  17  1:18  Drone  
  18  1:26  Drone  
  19  1:37  Drone  
  20  2:00  Queen x2  
  24  2:02  Zergling x4  
  24  2:03  Overlord  
  26  2:09  Metabolic Boost  
  26  2:15  Drone x2  
  28  2:36  Drone x2  
  30  2:44  Queen  
  30  2:45  Hatchery  
  30  2:47  Overlord  
  31  2:55  Drone x3  
  31  2:57  Drone  
  35  3:00  Drone  
  36  3:08  Drone x2  
  38  3:18  Drone  
  38  3:19  Drone  
  40  3:21  Drone x2  
  40  3:24  Roach Warren  
  40  3:25  Overlord  
  41  3:38  Drone  
  41  3:40  Drone x2  
  41  3:41  Extractor  
  43  3:42  Overlord x2  
  42  4:00  Zergling x8  
  46  4:05  Drone x2  
  48  4:10  Zergling x4  
  48  4:15  Queen x2  
  55  4:18  Lair  
  53  4:24  Spore Crawler  
  53  4:26  Drone  
  53  4:27  Drone x2  
  53  4:28  Drone, Evolution Chamber  
  53  4:29  Drone  
  56  4:32  Drone x3  
  56  4:52  Roach x2  
  62  4:53  Roach x3  
  64  5:09  Roach  
  66  5:17  Zerg Missile Weapons Level 1  
  66  5:19  Overlord x4  
  66  5:25  Overlord x2  
  66  5:37  Hatchery  
  66  5:38  Queen  
  66  5:40  Queen  
  66  5:41  Roach x4  
  77  5:47  Hatchery  
  76  5:52  Zergling x12  
  84  5:59  Roach  
  84  6:00  Roach x2  
  65  6:28  Roach  
  65  6:29  Roach x4  
  62  6:36  Queen x2  
  65  6:48  Roach x3  
  71  6:54  Ravager  
  71  6:56  Glial Reconstitution  
  71  6:59  Zergling x4  
  74  7:03  Drone x5  
  79  7:28  Drone  
  79  7:29  Drone x2  
  83  7:30  Drone x2  
  83  7:32  Drone x4  
  83  7:34  Extractor, Zerg Missile Weapons Level 2  
  83  7:36  Extractor  
  86  7:37  Drone  
  86  7:38  Drone x3, Extractor  
  86  7:39  Drone x3, Extractor  
  92  7:51  Zergling x6  
  92  7:52  Roach x2  
  97  8:08  Zergling x24  
  108  8:16  Drone x3  
  108  8:18  Queen x3  
  108  8:19  Queen  
  110  8:46  Roach x11  
  112  8:53  Ravager x2  
  112  8:54  Ravager  
  113  9:08  Zergling x6, Overlord  
  113  9:09  Overlord x4  
  116  9:15  Zergling x8  
  120  9:20  Infestation Pit  
  120  9:23  Extractor  
  118  9:25  Extractor  
  118  9:30  Zergling x26  
  130  9:49  Hatchery  
  115  10:02  Hatchery  
  107  10:10  Roach x19  
  115  10:28  Zergling x22  
  122  10:35  Roach x2  
  127  10:44  Roach  
  127  10:45  Roach  
  127  10:48  Ravager x2  
  127  10:49  Ravager x2  
  134  10:56  Zergling x16  
  142  11:02  Zergling x4  
  107  11:26  Roach x14  
  134  11:44  Zergling x24  
  134  12:11  Zerg Ground Armor Level 1  
  134  12:14  Hive  
  134  12:17  Zergling x32  
  134  12:20  Infestor x2  
  154  12:24  Spire  
  133  12:48  Roach x16  
  133  12:49  Roach  
  136  13:12  Zergling x30  
  125  13:30  Zergling x16  
  125  13:31  Roach x5  
  132  13:51  Zergling x28  
Tags
 
Add a new tag
Caveats
  • Supply blocks, unpowered buildings, or Contaminate may cause inaccurate times.
  • Supply counts are checked every 10 seconds.